 Dungeon Crawl Stone Soup version 0.20-a0-17-g69bea3c (console) character file.

15857 utis the Unseen (level 12, -11/88 HPs)
             Began as a Vampire Enchanter on Nov 2, 2016.
             Was a Priest of Dithmenos.
             Mangled by a four-headed hydra (12 damage)
             ... on level 3 of the Lair of Beasts on Nov 5, 2016.
             The game lasted 00:54:45 (15993 turns).

utis the Unseen (Vampire Enchanter)                Turns: 15993, Time: 00:54:46

Health: -11/88     AC:  8    Str:  8    XL:     12   Next: 4%
Magic:  12/18      EV: 24    Int: 20    God:    Dithmenos [***...]
Gold:   738        SH:  0    Dex: 23    Spells: 4 memorised, 10 levels left

rFire  . . .     SeeInvis +     s - +3 rapier {venom, rC+ SInv}
rCold  + + +     Gourm    .     b - +2 robe
rNeg   + + +     Faith    .     (no shield)
rPois  ∞         Spirit   .     R - +1 helmet
rElec  .         Reflect  .     (no cloak)
rCorr  .         Harm     .     H - +0 pair of gloves
MR     +....                    O - +0 pair of boots
Stlth  ++++++++++               g - amulet of regeneration
                                I - +2 ring of intelligence
                                Z - ring of wizardry

@: agile, bloodless, non-regenerating, wreathed by umbra
A: fangs 3, see invisible, unbreathing
a: Bat Form, Shadow Step, Renounce Religion


You were on level 3 of the Lair of Beasts.
You worshipped Dithmenos.
Dithmenos was most pleased with you.
You were bloodless.

You visited 3 branches of the dungeon, and saw 15 of its levels.

You collected 738 gold pieces.

Inventory:

Hand Weapons
 a - a +2 dagger
 s - the +3 rapier "Widowermaker" (weapon) {venom, rC+ SInv}
   (You found it on level 3 of the Lair of Beasts)

   It poisons the flesh of those it strikes.
   It protects you from cold.
   It lets you see invisible.
 y - a +0 blowgun {@w1}
 A - a +0 quarterstaff
 B - a +0 hunting sling
 K - a +2 short sword of freezing
 P - a +1 dagger of draining
Missiles
 f - 327 stones (quivered)
 n - 9 curare-tipped needles {=f}
 o - 164 arrows
 u - 10 javelins
 F - 6 needles of confusion
 G - 46 bolts
 M - 58 poisoned needles
 U - 2 steel tomahawks
Armour
 b - a +2 robe (worn)
 H - a +0 pair of gloves (worn)
 O - a +0 pair of boots (worn)
 R - a +1 helmet (worn)
Jewellery
 g - an amulet of regeneration (around neck)
 l - an uncursed ring of resist corrosion
 I - a +2 ring of intelligence (right hand)
 Z - a ring of wizardry (left hand)
Wands
 i - a wand of enslavement (8/24)
 q - a wand of enslavement (6/24)
 z - a wand of iceblast (12/15)
 J - a wand of paralysis (4/24)
 N - a wand of lightning (15/15)
 Q - a wand of polymorph (11/24)
 T - a wand of slowing (21/48)
Scrolls
 e - 2 scrolls of teleportation {@r4}
 j - 2 scrolls of enchant armour
 m - 2 scrolls of enchant weapon
 C - 6 scrolls of identify {@r1}
 D - a scroll of recharging
 W - a scroll of magic mapping
 X - a scroll of fear
Potions
 d - 19 potions of blood
 h - 4 potions of curing {@q1}
 p - 4 potions of cancellation
 v - a potion of lignification
 w - 2 potions of ambrosia
 x - 2 potions of agility
 E - 3 potions of invisibility
 L - a potion of heal wounds {@q2}
Books
 c - a book of Maledictions

   Spells                             Type                      Level
   a - Corona                         Hexes                        1
   b - Ensorcelled Hibernation        Hexes/Ice                    2
   c - Confuse                        Hexes                        3
   d - Tukima's Dance                 Hexes                        3
   e - Dazzling Spray                 Conjuration/Hexes            3
 r - a book of Air

   Spells                             Type                      Level
   a - Shock                          Conjuration/Air              1
   b - Swiftness                      Charms/Air                   2
   c - Repel Missiles                 Charms/Air                   2
   d - Static Discharge               Conjuration/Air              3
   e - Lightning Bolt                 Conjuration/Air              5
 V - a book of Power

   Spells                             Type                      Level
   a - Fulminant Prism                Conjuration/Hexes            4
   b - Iskenderun's Mystic Blast      Conjuration                  4
   c - Venom Bolt                     Conjuration/Poison           5
   d - Bolt of Magma                  Conjuration/Fire/Earth       5
   e - Iron Shot                      Conjuration/Earth            6
   f - Orb of Destruction             Conjuration                  7
   g - Spellforged Servitor           Conjuration/Summoning        7
Comestibles
 k - a slice of pizza {@e2}
 t - a royal jelly {@e3}


   Skills:
 - Level 6.1 Fighting
 - Level 5.9 Short Blades
 - Level 7.3 Dodging
 + Level 16.1 Stealth
 - Level 4.1 Spellcasting
 + Level 15.4 Hexes
 - Level 2.0 Ice Magic
 - Level 3.2 Invocations


You had 10 spell levels left.
You knew the following spells:

 Your Spells              Type           Power        Failure   Level  Hunger
a - Corona                Hex            ######.      1%          1    None
d - Tukima's Dance        Hex            ######..     1%          3    ###....
o - Confuse               Hex            ######..     1%          3    ###....
z - Ensorcelled Hibernat  Hex/Ice        #####.       1%          2    #......


Dungeon Overview and Level Annotations

Branches:
Dungeon (10/15)            Temple (1/1) D:4            Lair (4/6) D:9
  Swamp (0/4) Lair:2       Spider (0/4) Lair:4
    Orc: D:9-12

Altars:
Ashenzari
Cheibriados
Dithmenos
Elyvilon
Fedhas
Gozag
Hepliaklqana
Kikubaaqudgha
Makhleb
Nemelex Xobeh
Okawaru
Qazlal
Ru
Sif Muna
Trog
Uskayaw
Vehumet
Xom
Yredelemnul
Zin
The Shining One

Annotations:
D:7 exclusion: 3 killer bees, Dowan, Duvessa


Innate Abilities, Weirdness & Mutations

You do not heal naturally.
You are immune to poison.
You have razor-sharp teeth.
You have supernaturally acute eyesight. (SInv)
You can survive without breathing.


Message History

Confirm with . or Enter, or press ? or * to list all spells.
Aiming: Confuse
Press: ? - help, Shift-Dir - straight line, f/p - four-headed hydra
Aim: a four-headed hydra (umbra, chance to defeat MR: 43%)
The four-headed hydra resists with some effort.
The four-headed hydra bites you!
* * * LOW HITPOINT WARNING * * *
The four-headed hydra bites you!
* * * LOW HITPOINT WARNING * * *
The four-headed hydra bites you.
* * * LOW HITPOINT WARNING * * *
The four-headed hydra barely misses you.
You feel agile all of a sudden. The four-headed hydra bites you!
* * * LOW HITPOINT WARNING * * *
The four-headed hydra closely misses you.
The four-headed hydra bites you.
* * * LOW HITPOINT WARNING * * *
The four-headed hydra bites you!
You die...

░░ ░░.░..░.░.░░...⚵░ ░░░░░. ░
░░....░░░.......░ ░.. ░
░░░░░..⚵..░....░.░.^░░ ░.. ░░
░......░.....░░░.░░..░░░░░░░⚶. .░
░..░░.░░.░...░░░.░.░.░..░..░░.
░░░░.⚶░░.░░...........░░.........
░.░..⚵░...░.░░...░░░░.░.....░.░..
..............░....░░░..░░░░░░...
░░░..░░........░V......⚶░ ░░░.
░░░░......░.░[.D░..░░░.⚶░ ░░.
⚶░░..░░..░.░░░..░.⚶░░░..░░ ░░░░⚵.
.░.░..░..░.░░░..░.░░░....░░░⚶░░..
................░..⚶░...?........
........░░░............⚶...░.░░░.
░░....░..░░░............░░░░░░ ░░
░⚵.⚵░░.⚵░░░......░░....░
░...░░..░.....⚵..<....░░


You could see a four-headed hydra.

Vanquished Creatures
  2 hydras
  Erica (Lair:1)
  Sonja (Lair:1)
  A lindwurm (Lair:2)
  A torpor snail (Lair:3)
  4 spiny frogs
  5 komodo dragons
  A troll (D:9)
  A hornet (Lair:3)
  3 tyrant leeches (Lair:2)
  4 hippogriffs
  2 dream sheep (Lair:3)
  11 yaks
  A basilisk (Lair:1)
  4 hogs (D:7)
  A wyvern (Lair:2)
  A human (D:7)
  2 swamp worms (Lair:2)
  A hell hound (D:9)
  3 water moccasins
  4 porcupines
  An orc warrior (D:7)
  2 ice beasts
  A necrophage (D:7)
  A sky beast (D:5)
  4 phantoms
  2 centaurs
  5 ogres
  10 crocodiles
  11 bullfrogs
  5 scorpions
  A wyvern skeleton (D:6)
  10 wights
  2 electric eels (Lair:1)
  2 bullfrog zombies
  A crimson imp (D:5)
  A jelly (D:5)
  A hound (D:5)
  9 orc wizards
  A quasit (D:6)
  3 centaur skeletons
  5 orc priests
  2 bullfrog skeletons
  3 iguanas
  7 worker ants
  5 gnolls
  A howler monkey skeleton (D:7)
  5 adders
  2 shadow imps
  An ooze (D:3)
  3 worms
  A dart slug (D:1)
  6 leopard geckos
  27 orcs
  7 bats
  5 giant cockroaches
  9 goblins
  6 hobgoblins
  4 jackals
  5 quokkas
  A frilled lizard (D:3)
  6 kobolds
  A leopard gecko skeleton (D:4)
  A leopard gecko zombie (D:7)
  6 rats
246 creatures vanquished.

Vanquished Creatures (others)
  A fungus (Lair:3)
1 creature vanquished.

Grand Total: 247 creatures vanquished

Notes
Turn   | Place    | Note
-------+----------+-------------------------------------------
     0 | D:1      | utis the Vampire Enchanter began the quest for the Orb.
     0 | D:1      | Reached XP level 1. HP: 13/13 MP: 3/3
   420 | D:1      | Reached XP level 2. HP: 19/19 MP: 3/5
   427 | D:1      | Learned a level 2 spell: Ensorcelled Hibernation
   919 | D:1      | Reached skill level 1 in Ice Magic
  1142 | D:1      | oooooops
  1144 | D:1      | Reached XP level 3. HP: 9/24 MP: 1/6
  2128 | D:3      | Reached skill level 5 in Stealth
  2128 | D:3      | Reached skill level 5 in Hexes
  2128 | D:3      | Reached XP level 4. HP: 14/30 MP: 0/7
  2342 | D:3      | Learned a level 3 spell: Confuse
  2573 | D:3      | Upgraded the game from 0.20-a0-11-ga97c7b5 to 0.20-a0-17-g69bea3c
  2914 | D:3      | Reached XP level 5. HP: 35/35 MP: 8/8
  3126 | D:3      | Reached skill level 6 in Stealth
  4682 | D:4      | Reached XP level 6. HP: 36/41 MP: 9/9
  4702 | D:4      | Reached skill level 7 in Stealth
  4849 | D:4      | Found a staircase to the Ecumenical Temple.
  4862 | Temple   | Entered the Ecumenical Temple
  5097 | Temple   | Became a worshipper of Dithmenos the Shadowed
  5221 | D:4      | Found a sacrificial altar of Ru.
  5419 | D:4      | Learned a level 3 spell: Tukima's Dance
  5420 | D:5      | Entered Level 5 of the Dungeon
  5657 | D:5      | Reached XP level 7. HP: 46/46 MP: 10/10
  5686 | D:5      | Reached skill level 8 in Stealth
  6037 | D:5      | Reached skill level 1 in Fighting
  6087 | D:5      | Found a snail-covered altar of Cheibriados.
  6125 | D:5      | Reached XP level 8. HP: 54/54 MP: 1/14
  6629 | D:5      | Reached * piety under Dithmenos
  7946 | D:6      | Reached skill level 5 in Dodging
  8421 | D:7      | Reached skill level 5 in Fighting
  8421 | D:7      | Reached XP level 9. HP: 66/68 MP: 6/15
  9031 | D:7      | Reached ** piety under Dithmenos
  9113 | D:7      | Noticed Dowan
  9115 | D:7      | Noticed Duvessa
  9479 | D:7      | Reached skill level 5 in Short Blades
  9788 | D:7      | Reached skill level 9 in Stealth
 10999 | D:8      | Found a blossoming altar of Fedhas.
 11008 | D:8      | Found an iron altar of Okawaru.
 11190 | D:9      | Found an opulent altar of Gozag.
 11273 | D:9      | Reached XP level 10. HP: 76/76 MP: 9/16
 11291 | D:9      | Reached skill level 1 in Invocations
 11545 | D:9      | Reached skill level 10 in Hexes
 11594 | D:9      | Reached skill level 10 in Stealth
 12144 | D:9      | Found a staircase to the Lair.
 12186 | D:9      | Reached skill level 11 in Stealth
 12330 | D:10     | Entered Level 10 of the Dungeon
 12334 | D:10     | Found a shadowy altar of Dithmenos.
 12410 | Lair:1   | Entered Level 1 of the Lair of Beasts
 12485 | Lair:1   | Noticed a spiny frog
 12496 | Lair:1   | Killed a spiny frog
 12496 | Lair:1   | Reached *** piety under Dithmenos
 12620 | Lair:1   | Noticed an eight-headed hydra
 12724 | Lair:1   | Noticed Erica
 12796 | Lair:1   | Killed Erica
 12796 | Lair:1   | Reached skill level 12 in Stealth
 12902 | Lair:1   | Noticed Sonja
 12906 | Lair:1   | Killed Sonja
 12906 | Lair:1   | Reached XP level 11. HP: 81/81 MP: 13/17
 13119 | Lair:1   | Reached skill level 13 in Stealth
 13396 | Lair:1   | Killed an eight-headed hydra
 14008 | Lair:2   | Noticed a four-headed hydra
 14029 | Lair:2   | Reached skill level 14 in Stealth
 14070 | Lair:2   | Killed a four-headed hydra
 14675 | Lair:2   | Found a staircase to the Swamp.
 14679 | Lair:2   | Reached skill level 15 in Stealth
 14821 | Lair:2   | Noticed a lindwurm
 14828 | Lair:2   | Killed a lindwurm
 15138 | Lair:3   | Got a steaming rapier
 15139 | Lair:3   | Identified the cursed +3 rapier "Widowermaker" {venom, rC+ SInv} (You found it on level 3 of the Lair of Beasts)
 15140 | Lair:3   | gaaaaah
 15333 | Lair:3   | Reached skill level 15 in Hexes
 15628 | Lair:3   | Reached skill level 16 in Stealth
 15628 | Lair:3   | Reached XP level 12. HP: 88/88 MP: 13/18
 15906 | Lair:4   | Found a hole to the Spider Nest.
 15944 | Lair:4   | Noticed a four-headed hydra
 15993 | Lair:3   | HP: 1/88 [four-headed hydra (6)]
 15993 | Lair:3   | Mangled by a four-headed hydra

Vault maps used:
D:1:      saegor_arrival_simple_a
D:2:      minmay_misc_feat_room, hangedman_glass_teeth
D:3:      lemuel_another_geyser
D:4:      first_bread, nicolae_ru_the_path_less_chosen
D:5:      cheibriados_altar_1
D:6:      dk_noncrumbling_4
D:7:      cheibrodos_quashed, grunt_livestock, uniq_duvessa, uniq_pikel
D:8:      amethyst_overflow_temple_binary
D:9:      minmay_lair_entry_lava, grunt_gozag_statues
D:10:     basic_altar, nicolae_looking_at_the_future
Temple:   dpeg_five_rooms_temple
Lair:1:   minivault_23, serial_bayou_lagoon_b, uniq_erica, uniq_sonja
Lair:2:   minmay_swamp_entry_worms, nicolae_volcano_entry_vermiform
Lair:4:   dummy_spider_entry, roderic_batcave, lemuel_fruit_tree, uniq_kirke

Skill      XL: |  1  2  3  4  5  6  7  8  9 10 11 |
---------------+----------------------------------+-----
Ice Magic      | 1 2 |  2.0
Short Blades   | 2 3 4 5 |  5.9
Stealth        | 5 6 7 8 9 12 16 | 16.1
Hexes          | 5 6 7 8 9 12 15 | 15.4
Spellcasting   | 4 |  4.1
Fighting       | 1 5 6 |  6.1
Dodging        | 5 7 |  7.3
Invocations    | 3 |  3.2

Action                   |  1- 3 |  4- 6 |  7- 9 | 10-12 || total
-------------------------+-------+-------+-------+-------++-------
Melee: Dagger            |    60 |    68 |   211 |   123 ||   462
       Bite              |     5 |     2 |    26 |    12 ||    45
       Rapier            |       |       |       |    13 ||    13
Throw: Stone             |       |    21 |    23 |    11 ||    55
 Cast: Corona            |    14 |       |       |       ||    14
       Ensorcelled Hiber |    17 |    50 |    90 |    97 ||   254
       Confuse           |       |     3 |    39 |    17 ||    59
  Use: Potion            |     5 |     4 |     4 |     3 ||    16
       Scroll            |     3 |     6 |     7 |     8 ||    24
 Stab: Sleeping          |    11 |    48 |    74 |    65 ||   198
       Confused          |       |     2 |    22 |    14 ||    38
Armor: Robe              |    16 |    10 |    17 |    10 ||    53
Dodge: Dodged            |    45 |    29 |   109 |    84 ||   267
